[Event "GCT Cote d Ivoire Blitz 2019"]
[Site "Abidjan"]
[Date "2019.05.11"]
[Round "4"]
[White "Carlsen, Magnus"]
[Black "Topalov, Veselin"]
[Result "1-0"]
[ECO "A29"]
[WhiteElo "2867"]
[BlackElo "2736"]
[Annotator "ChessBase"]
[PlyCount "53"]
[EventDate "2019.05.05"]
[EventType "tourn"]
[EventCountry "IVO"]
[SourceTitle "playchess.com"]
[Source "ChessBase"]
[SourceQuality "1"]
[TimeMode "Bronstein"]
[TimeControl "300+3"]

1. c4 Nf6 2. Nc3 e5 3. Nf3 Nc6 4. g3 d5 5. cxd5 Nxd5 6. Bg2 Nb6 7. O-O Be7 8. a3 Be6 9. b4 O-O 10. Rb1 f6 11. b5 Nd4 12. e3 Nxf3+ 13. Bxf3 Rb8 14. d4 Bd6 15. a4 exd4 16. exd4 Bf7 17. Qc2 Kh8 18. a5 Nc4 19. a6 bxa6 20. bxa6 Qd7 21. Rb7 Rxb7 22. axb7 c6 23. Ne4 Be7 24. Be2 Na5 25. Nc5 Bxc5 26. Qxc5 Qe8 27. b8=Q 1-0

[Event "GCT Cote d Ivoire Blitz 2019"]
[Site "Abidjan"]
[Date "2019.05.11"]
[Round "5"]
[White "Topalov, Veselin"]
[Black "Nakamura, Hikaru"]
[Result "1/2-1/2"]
[ECO "A20"]
[WhiteElo "2736"]
[BlackElo "2805"]
[Annotator "RC"]
[PlyCount "111"]
[EventDate "2019.05.05"]
[EventType "tourn"]
[EventCountry "IVO"]
[SourceTitle "playchess.com"]
[Source "ChessBase"]
[SourceQuality "1"]
[TimeMode "Bronstein"]
[TimeControl "300+3"]

1. c4 e5 2. d3 Nc6 3. a3 Nf6 4. Nf3 d5 5. cxd5 Nxd5 6. e4 Nf6 7. Be2 a5 8. O-O Bc5 9. Be3 Bb6 10. Nbd2 Bxe3 11. fxe3 Ng4 12. Nc4 b5 13. h3 bxc4 14. hxg4 Bxg4 15. Qa4 Bd7 16. Qxc4 O-O 17. Qc5 Re8 18. Rac1 a4 19. Bd1 Re6 20. Rf2 h6 21. b4 Qe8 22. Nh4 Rd6 23. Qc3 Na7 24. Be2 Nb5 25. Qb2 g6 26. Rc5 Qe7 27. Nf3 f6 28. d4 exd4 29. Bxb5 Bxb5 30. Rxb5 dxe3 31. Re2 Qxe4 32. Qc1 Qd3 33. Rb7 Qd1+ 34. Qxd1 Rxd1+ 35. Kh2 Rd3 36. Rxc7 Rxa3 37. b5 Rb8 38. Nd4 Rd3 39. Rc4 a3 40. Ra4 Rd8 41. Ne6 R8d6 42. Nc5 R3d5 43. Ne4 Re6 44. Nc3 Rc5 45. Rxa3 f5 46. Rb3 f4 47. b6 Re8 48. b7 Rb8 49. Ne4 Rc7 50. Nd6 Rc6 51. Rd3 Kf8 52. g3 g5 53. gxf4 gxf4 54. Kg2 Ke7 55. Ne4 Rxb7 56. Kf3 1/2-1/2

[Event "GCT Cote d Ivoire Blitz 2019"]
[Site "Abidjan"]
[Date "2019.05.11"]
[Round "6"]
[White "Nakamura, Hikaru"]
[Black "Karjakin, Sergey"]
[Result "1/2-1/2"]
[ECO "C65"]
[WhiteElo "2805"]
[BlackElo "2773"]
[Annotator "RC"]
[PlyCount "185"]
[EventDate "2019.05.05"]
[EventType "tourn"]
[EventCountry "IVO"]
[SourceTitle "playchess.com"]
[Source "ChessBase"]
[SourceQuality "1"]
[TimeMode "Bronstein"]
[TimeControl "300+3"]

1. e4 e5 2. Nf3 Nc6 3. Bb5 Nf6 4. d3 Bc5 5. O-O Nd4 6. Be3 Nxf3+ 7. Qxf3 Bxe3 8. Qxe3 O-O 9. d4 d6 10. Be2 c6 11. dxe5 dxe5 12. Nd2 Be6 13. a4 Qb6 14. Qxb6 axb6 15. b3 Rfd8 16. Rfd1 Kf8 17. Rac1 Ke7 18. f3 Ne8 19. Kf2 Nd6 20. Nf1 Rd7 21. Ne3 Rad8 22. Re1 f6 23. g3 Ne8 24. h4 Nc7 25. Ra1 Na6 26. Red1 Nc5 27. Rxd7+ Rxd7 28. Ke1 g6 29. b4 Na6 30. c3 Nc7 31. b5 Bb3 32. bxc6 bxc6 33. Rb1 Bxa4 34. Rxb6 h5 35. Nc4 Ne6 36. Na5 Rc7 37. Bc4 Nc5 38. Be2 Nd7 39. Rb4 Nc5 40. Rb6 Nd7 41. Ra6 Nc5 42. Ra8 Bb5 43. Rh8 Ke6 44. Rb8 Nd7 45. Re8+ Kf7 46. Ra8 Nc5 47. Bc4+ Bxc4 48. Nxc4 Rd7 49. Ke2 Nb3 50. Rc8 c5 51. Rc6 Kg7 52. Nd6 Rd8 53. Rc7+ Kg8 54. Nc4 Nc1+ 55. Kf2 Rd3 56. Nb6 Rxc3 57. Nd5 Rc2+ 58. Ke1 Nd3+ 59. Kd1 Rf2 60. Nxf6+ Kf8 61. Nh7+ Ke8 62. Nf6+ Kf8 63. Nh7+ Ke8 64. Ng5 c4 65. Ne6 Rxf3 66. Rxc4 Rxg3 67. Rc7 Nf4 68. Ng5 Rg4 69. Rc5 Rxh4 70. Rxe5+ Kd7 71. Ra5 Rg4 72. Nf3 Kc7 73. Kd2 h4 74. Ke3 h3 75. Nh2 Rh4 76. Kf3 Ne6 77. Kg3 Rxe4 78. Kxh3 Kd6 79. Nf3 Rb4 80. Kg3 Ke7 81. Ng5 Nd4 82. Ra6 Nf5+ 83. Kf2 Rf4+ 84. Ke2 Nd6 85. Ke3 Rf5 86. Nf3 Rf6 87. Ra7+ Kf8 88. Ng5 Rf5 89. Ne6+ Kg8 90. Rg7+ Kh8 91. Rxg6 Kh7 92. Rg7+ Kh6 93. Rg5 1/2-1/2

[Event "GCT Cote d Ivoire Blitz 2019"]
[Site "Abidjan"]
[Date "2019.05.12"]
[Round "12"]
[White "Wei, Yi"]
[Black "Amin, Bassem"]
[Result "1-0"]
[ECO "A04"]
[WhiteElo "2737"]
[BlackElo "2683"]
[Annotator "ChessBase"]
[PlyCount "113"]
[EventDate "2019.05.05"]
[EventType "tourn"]
[EventCountry "IVO"]
[SourceTitle "playchess.com"]
[Source "ChessBase"]
[SourceQuality "1"]
[TimeMode "Bronstein"]
[TimeControl "300+3"]

1. Nf3 f5 2. d3 Nc6 3. d4 e6 4. g3 Nf6 5. Bg2 Be7 6. c4 O-O 7. O-O d6 8. d5 Ne5 9. Nd4 Nxc4 10. dxe6 g6 11. Bh6 Re8 12. Qc1 Ne5 13. Nc3 c5 14. Nc2 Bxe6 15. Bxb7 Rb8 16. Bg2 d5 17. Bf4 Bd6 18. Bg5 d4 19. Nd5 Bxd5 20. Bxd5+ Nf7 21. e3 d3 22. Ne1 Be5 23. Bxf7+ Kxf7 24. Qc4+ Qd5 25. Qxd5+ Nxd5 26. Nxd3 Bxb2 27. Rab1 c4 28. Nxb2 Nc3 29. Nxc4 Rxb1 30. Nd6+ Kf8 31. Rxb1 Nxb1 32. Nxe8 Kxe8 33. Bf6 Kf7 34. Bd4 a6 35. f3 Nd2 36. Kf2 Ke6 37. Ke2 Nc4 38. Kd3 Nd6 39. Bc5 Nf7 40. Bd4 Ng5 41. Ke2 Kd5 42. h4 Nf7 43. Kd3 Nd6 44. Bc3 h6 45. Bg7 Nf7 46. Kc3 g5 47. h5 g4 48. e4+ Ke6 49. fxg4 fxg4 50. Kd4 Kd6 51. e5+ Ke6 52. Ke4 a5 53. Kf4 a4 54. a3 Kd5 55. Kf5 Ng5 56. Bxh6 Nf3 57. Bf4 1-0

[Event "GCT Cote d Ivoire Blitz 2019"]
[Site "Abidjan"]
[Date "2019.05.12"]
[Round "14"]
[White "Wei, Yi"]
[Black "Vachier-Lagrave, Maxime"]
[Result "0-1"]
[ECO "D80"]
[WhiteElo "2737"]
[BlackElo "2792"]
[Annotator "ChessBase"]
[PlyCount "88"]
[EventDate "2019.05.05"]
[EventType "tourn"]
[EventCountry "IVO"]
[SourceTitle "playchess.com"]
[Source "ChessBase"]
[SourceQuality "1"]
[TimeMode "Bronstein"]
[TimeControl "300+3"]

1. d4 Nf6 2. c4 g6 3. Nc3 d5 4. Bg5 Ne4 5. Bh4 Nxc3 6. bxc3 dxc4 7. e3 Be6 8. Nf3 Bg7 9. Qb1 b6 10. Ng5 Bd5 11. e4 h6 12. Nh3 Bb7 13. Bxc4 c5 14. Nf4 Qd7 15. e5 e6 16. O-O cxd4 17. Bf6 Bxf6 18. exf6 Nc6 19. Re1 O-O-O 20. Nxe6 Rde8 21. Nxd4 Nxd4 22. cxd4 Qxd4 23. Bxf7 Rxe1+ 24. Qxe1 Qxf6 25. Rc1+ Kb8 26. Bxg6 Rg8 27. Be4 Re8 28. f3 Bxe4 29. fxe4 Qd4+ 30. Kh1 Rxe4 31. Qg3+ Qe5 32. Qg8+ Qe8 33. Qg3+ Ka8 34. Qf3 Qc6 35. Rd1 Kb7 36. h3 Re7 37. Qf5 a5 38. Qf4 Re6 39. Qf7+ Ka6 40. Rd7 Qc4 41. Qf2 Re2 42. Qf3 Rxa2 43. Qa8+ Kb5 44. Qe8 Qf1+ 0-1

[Event "GCT Cote d Ivoire Blitz 2019"]
[Site "Abidjan"]
[Date "2019.05.12"]
[Round "18"]
[White "Vachier-Lagrave, Maxime"]
[Black "Nepomniachtchi, Ian"]
[Result "1-0"]
[ECO "C55"]
[WhiteElo "2792"]
[BlackElo "2776"]
[Annotator "RC"]
[PlyCount "127"]
[EventDate "2019.05.05"]
[EventType "tourn"]
[EventCountry "IVO"]
[SourceTitle "playchess.com"]
[Source "ChessBase"]
[SourceQuality "1"]
[TimeMode "Bronstein"]
[TimeControl "300+3"]

1. e4 e5 2. Nf3 Nc6 3. Bc4 Nf6 4. d3 Be7 5. O-O O-O 6. Re1 d6 7. a4 a5 8. Nbd2 Kh8 9. Nf1 Be6 10. Ng3 Nd7 11. Be3 Bf6 12. Bb5 Na7 13. Bxd7 Qxd7 14. d4 exd4 15. Bxd4 Bxd4 16. Qxd4 Nc6 17. Qc3 f6 18. h3 Rae8 19. b3 b6 20. Rad1 Bf7 21. Kh2 Ne5 22. Nd4 Ng6 23. Ndf5 Be6 24. Nd4 Bg8 25. Re3 Re5 26. Nf3 Rc5 27. Qd2 Re8 28. c4 Ne5 29. Nd4 Nc6 30. Ndf5 Ne7 31. Nd4 Nc6 32. Nb5 Ne5 33. f4 Ng6 34. Rf1 Re7 35. Nc3 Re8 36. Nd5 Qd8 37. Nf5 c6 38. Nc3 d5 39. exd5 cxd5 40. Rxe8 Qxe8 41. Nxd5 Bxd5 42. cxd5 Qd7 43. Ne3 Qd6 44. Nc4 Rxd5 45. Qe3 Rd3 46. Qe4 Qd8 47. Re1 Nf8 48. Nxb6 Rxb3 49. Qe8 Rd3 50. Qf7 Rd2 51. Re8 Rxg2+ 52. Kxg2 Qd2+ 53. Kg3 Qd3+ 54. Kh4 g5+ 55. Kg4 Qd1+ 56. Kf5 Qd3+ 57. Kxf6 Qd4+ 58. Kxg5 Qg1+ 59. Kf5 Qc5+ 60. Nd5 Qc2+ 61. Re4 Qc8+ 62. Kg5 h6+ 63. Kh4 Ng6+ 64. Qxg6 1-0